 Dungeon Crawl Stone Soup version 0.19-a0-1021-g80cc50c (console) character file.

34 brucemayne the Chopper (level 3, -3/42 HPs)
             Began as a Vampire Berserker on July 27, 2016.
             Was a Follower of Trog.
             Killed from afar by Aquadorian's ghost (7 damage)
             ... with a sting
             ... on level 3 of the Dungeon.
             The game lasted 00:02:31 (597 turns).

brucemayne the Chopper (Vampire Berserker)           Turns: 597, Time: 00:02:32

Health: -3/42      AC:  5    Str: 22    XL:     3   Next: 14%
Magic:  3/3        EV: 12    Int:  9    God:    Trog [*.....]
Gold:   24         SH:  0    Dex: 13    Spells: 0 memorised, 2 levels left

rFire  . . .     SeeInvis +     a - +0 hand axe
rCold  . . .     Gourm    .     d - +0 leather armour
rNeg   + . .     Faith    .     (no shield)
rPois  .         Spirit   .     p - +0 helmet
rElec  .         Dismiss  .     (no cloak)
rCorr  .         Reflect  .     m - +0 pair of gloves
SustAt .         Harm     .     (no boots)
MR     .....                    (no amulet)
Stlth  ..........               (no ring)
                                (no ring)

@: berserking, lethally poisoned (-3 -> -7), very quick, not resistant to
hostile enchantments, extremely unstealthy
A: fangs 3, see invisible, unbreathing
a: Bat Form, Berserk, Burn Spellbooks, Renounce Religion


You were on level 3 of the Dungeon.
You worshipped Trog.
Trog was aware of your devotion.
You were not thirsty.

You visited 1 branch of the dungeon, and saw 3 of its levels.

You collected 24 gold pieces.

Inventory:

Hand Weapons
 a - a +0 hand axe (weapon)
 f - a +0 hunting sling of flaming
Missiles
 g - 2 stones (quivered)
 j - 14 poisoned needles
Armour
 b - a +0 animal skin
 d - a +0 leather armour (worn)
 m - a +0 pair of gloves (worn)
 p - a +0 helmet (worn)
Jewellery
 e - a +2 ring of evasion {unknown}
Scrolls
 h - a scroll of enchant weapon {unknown}
 i - 2 scrolls of magic mapping {unknown}
 k - 2 scrolls of remove curse {unknown}
 l - a scroll of fear {unknown}
 o - a scroll of noise {unknown}
Potions
 c - 3 potions of blood
 n - a potion of degeneration {unknown}
 q - a potion of brilliance {unknown}


   Skills:
 - Level 2.6 Fighting
 + Level 3.9 Axes
 - Level 1.5 Armour
 - Level 2.1 Dodging


You had 2 spell levels left.
You didn't know any spells.

Dungeon Overview and Level Annotations

Branches:
Dungeon (3/15)

Altars:

Annotations:
D:3 Aquadorian's ghost, amateur GrVM


Innate Abilities, Weirdness & Mutations

You have razor-sharp teeth.
You have supernaturally acute eyesight. (SInv)
You can survive without breathing.


Message History

Aquadorian's ghost hits you.
* * * LOW HITPOINT WARNING * * *
Found a brass wand.
Yummy - fresh blood!
Aquadorian's ghost barely misses you.
A red film seems to cover your vision as you go berserk!
You feel yourself moving faster!
You feel mighty!
You feel somewhat more thirsty.
You hear the slow rusting of a drain nearby.
Aquadorian's ghost hits you but does no damage.
You hit Aquadorian's ghost.
Aquadorian's ghost is lightly damaged.
Aquadorian's ghost closely misses you.
You closely miss Aquadorian's ghost.
Aquadorian's ghost is lightly damaged.
You slash Aquadorian's ghost!
Aquadorian's ghost is heavily damaged.
Aquadorian's ghost casts a spell at you.
The sting hits you!
You are lethally poisoned!
You die...

# #. #.#####.#
#/.W@..#
###.###.# #># #
###.####.##
#.##..........
###...........##
...###.#.######
#. #.#.####
#.###.#....#


You could see Aquadorian's ghost.

Vanquished Creatures
  An adder (D:2)
  2 oozes
  3 bats
  A giant cockroach (D:1)
  3 goblins
  2 hobgoblins (D:1)
  2 kobolds (D:1)
  A ball python (D:2)
  A giant newt (D:1)
16 creatures vanquished.

Notes
Turn   | Place    | Note
-------+----------+-------------------------------------------
     0 | D:1      | brucemayne the Vampire Berserker began the quest for the Orb.
     0 | D:1      | Reached XP level 1. HP: 17/17 MP: 1/1
    88 | D:1      | Reached skill level 3 in Axes
   112 | D:1      | Reached XP level 2. HP: 2/23 MP: 2/2
   420 | D:2      | Reached XP level 3. HP: 23/28 MP: 3/3
   590 | D:3      | Noticed Aquadorian's ghost (amateur GrVM)
   597 | D:3      | Killed from afar by Aquadorian's ghost

Vault maps used:
D:1:      tarquinn_simple_flora_water_f, item_on_display_a
D:2:      minmay_tetromino_i4
D:3:      gup_sewer_entry_spiral, first_bread, nicolae_ru_the_path_less_chosen

Skill      XL: |  1 |
---------------+----+-----
Axes           | 3 |  3.9
Fighting       | |  2.6
Armour         | |  1.5
Dodging        | |  2.1

Action                   || total
-------------------------++-------
Melee: Hand axe          ||    54
       Bite              ||     7
Invok: Berserk           ||     4
  Use: Potion            ||     4
Armor: Leather armour    ||    16
Dodge: Dodged            ||    35
